Atomiques vs Remparts
Created - 13 mars 2017 at 19:09
Goals
|
| Atomiques |
3 |
0 |
0 |
3 |
| Remparts |
1 |
0 |
3 |
4 |
|
Shots
|
| Atomiques |
12 |
4 |
16 |
32 |
| Remparts |
11 |
7 |
17 |
35 |
|
1st period
1. Atomiques , Alex Berry 18 (Andrew Kozek, Kenndal McArdle) at 3:45
2. Remparts , Jonathan Matsumoto 46 (Erik Gudbranson, Pasi Salonen) at 5:33 (PP)
3. Atomiques , Tyler Brenner 27 (Davis Drewiske, Ryan Shannon) at 17:31
4. Atomiques , Dwight King 20 (Branko Radivojevic, Mikael Backlund) at 19:48 (PP)
Penalties :
Colby Cohen (STB) for Holding (Minor) at 5:17, Erik Gustafsson (Que) for Spearing (Major / Game Misconduct) at 19:34
2nd period
No Goal
Penalties :
Davis Drewiske (STB) for Hooking (Minor) at 12:07, Colby Cohen (STB) for Tripping (Minor) at 15:55, Erik Gudbranson (Que) for Hooking (Minor) at 18:14
3rd period
5. Remparts , Erik Gudbranson 5 (Brandon Gormley, Cédric Lalonde-McNicoll) at 0:50
6. Remparts , Jonathan Matsumoto 47 (Pasi Salonen) at 7:04 (PP)
7. Remparts , Mika Zibanejad 19 (Luca Caputi, Petr Straka) at 9:55
Penalties :
Mikael Backlund (STB) for Holding (Minor) at 1:09, Roman Polak (STB) for Kneeing (Minor) at 7:01, Ryan Shannon (STB) for Roughing (Minor) at 15:34
Goalie Stats
Sergei Bobrovsky (STB), 31 saves from 35 shots - (0,886), L, 25-22-4, 59:41 minutes
Petr Mrazek (Que), 29 saves from 32 shots - (0,906), W, 14-14-3, 60:00 minutes
Players Stats for Atomiques
Player Name G A P +/- PIM S H SB GA TA FO MP PP MP PK MP
------------------------------------------------------------------------------------
Alex Berry 1 0 1 1 0 2 1 1 0 0 0/0 8:54 0:44 0:00
Andrew Kozek 0 1 1 1 0 1 3 1 0 0 0/0 11:58 0:57 1:55
Bobby Farnham 0 0 0 0 0 0 0 0 0 0 0/0 6:36 0:00 0:00
Branko Radivojevic 0 1 1 -1 0 2 1 2 2 0 4/10 23:57 3:20 4:39
Brett Sutter 0 0 0 0 0 3 2 1 0 0 2/4 9:05 0:15 2:10
Colby Cohen 0 0 0 0 4 0 0 1 0 0 0/0 10:34 0:42 0:00
Davis Drewiske 0 1 1 2 2 4 3 2 1 4 0/0 29:04 3:32 3:31
Dmitri Orlov 0 0 0 0 0 0 1 1 0 0 0/0 11:09 0:42 1:16
Dwight King 1 0 1 -1 0 4 2 1 0 0 0/1 20:49 3:17 1:41
John McCarthy 0 0 0 0 0 4 0 0 1 0 0/0 6:36 0:00 0:00
Kenndal McArdle 0 1 1 0 0 2 1 1 0 1 0/3 15:51 2:44 0:00
Kyle Wharton 0 0 0 -2 0 2 0 3 0 1 0/0 19:39 2:44 4:03
Marc-André Cliche 0 0 0 1 0 0 1 0 0 0 0/2 10:52 0:49 0:47
Mikael Backlund 0 1 1 -1 2 3 3 2 1 0 9/29 23:35 3:20 3:37
Roman Polak 0 0 0 -2 2 0 0 5 0 1 0/0 19:38 2:44 3:21
Ryan Shannon 0 1 1 0 2 3 3 0 1 0 0/0 15:53 2:44 0:00
Shawn Belle 0 0 0 2 0 0 1 2 0 0 0/0 29:53 3:32 4:19
Tyler Brenner 1 0 1 0 0 2 1 1 0 0 4/15 17:36 2:44 1:41
Players Stats for Remparts
Player Name G A P +/- PIM S H SB GA TA FO MP PP MP PK MP
------------------------------------------------------------------------------------
Brandon Gormley 0 1 1 2 0 1 2 2 1 2 0/0 21:24 3:45 2:46
Cédric Lalonde-McNicoll 0 1 1 1 0 2 2 0 0 0 13/18 20:41 3:36 3:26
Erik Gudbranson 1 1 2 1 2 3 3 3 0 1 0/0 28:18 4:17 2:38
Erik Gustafsson 0 0 0 -2 15 0 0 1 0 0 0/0 4:24 0:00 0:00
Geordie Wudrick 0 0 0 -1 0 1 1 0 0 0 0/0 7:15 0:00 0:00
Guillaume Desbiens 0 0 0 0 0 4 1 1 2 0 0/0 16:38 3:36 0:00
Ivan Vishnevski 0 0 0 -2 0 0 0 2 0 0 0/0 13:25 0:13 0:58
Johannes Salmonsson 0 0 0 1 0 2 2 2 1 0 0/0 20:41 3:36 3:26
Jonathan Cheechoo 0 0 0 -1 0 0 1 0 0 0 0/0 8:43 0:00 1:28
Jonathan Matsumoto 2 0 2 0 0 4 3 3 0 0 23/35 18:26 4:39 0:00
Luca Caputi 0 1 1 0 0 2 2 0 0 0 1/1 10:56 0:00 1:04
Matt Halischuk 0 0 0 0 0 5 1 2 1 0 0/0 18:26 4:39 0:00
Max Reinhart 0 0 0 -1 0 0 0 0 0 0 4/4 8:57 0:00 1:42
Mika Zibanejad 1 0 1 0 0 2 1 0 0 1 3/5 12:10 0:00 1:23
Pasi Salonen 0 2 2 0 0 4 2 1 1 0 1/1 21:05 4:39 2:25
Petr Straka 0 1 1 0 0 1 0 1 0 0 0/0 10:06 0:00 0:00
Radko Gudas 0 0 0 1 0 2 5 0 1 1 0/0 29:19 4:43 4:04
William Colbert 0 0 0 1 0 2 3 1 0 1 0/0 22:06 3:32 2:32
3 Stars
1 - Jonathan Matsumoto (Que)
2 - Erik Gudbranson (Que)
3 - Alex Berry (STB)
Power Play
Atomiques - 1 on 3 Attempt(s) - 33,33%
Remparts - 2 on 6 Attempt(s) - 33,33%
Penalty Kill
Atomiques - 4 on 6 Attempt(s) - 66,67%
- Score 0 goal in Penalty Kill
Remparts - 2 on 3 Attempt(s) - 66,67%
- Score 0 goal in Penalty Kill
Team Stat
Atomiques - Hits : 23 - Faceoff Wins : 19 - Blocked Shots : 24 - Penalty Minutes : 12
Remparts - Hits : 29 - Faceoff Wins : 45 - Blocked Shots : 19 - Penalty Minutes : 17
Official
Referees : Kozari Steve and Furlatt Eric
Linesman : Lyle Seitz and Mark Pare
Game Notes
Erik Gustafsson ejected from game at 19:34 of 1st period
Finance
Level 1 -- Attendance: 1381 (69,05%) -- Ticket Income 34 525 $
Level 2 -- Attendance: 677 (67,70%) -- Ticket Income 10 155 $
Total Attendance: 2058 (68,60%)
Total Ticket Income: 44 680 $
Other Income: 2 234 $
Total Income: 46 914 $
Atomiques
5 vs 5 Forward
Center Left Wing Right Wing Time % Phy DF OF
1 Mikael Backlund Dwight King Branko Radivojevic 40 1 2 2
2 Tyler Brenner Kenndal McArdle Ryan Shannon 30 1 2 2
3 Marc-André Cliche Andrew Kozek Alex Berry 20 1 2 2
4 Brett Sutter John McCarthy Bobby Farnham 10 1 2 2
5 vs 5 Defense
Defense Defense Time % Phy DF OF
1 Shawn Belle Davis Drewiske 40 1 2 2
2 Kyle Wharton Roman Polak 30 1 2 2
3 Colby Cohen Dmitri Orlov 20 1 2 2
4 Shawn Belle Davis Drewiske 10 1 2 2
PowerPlay Forward
Center Left Wing Right Wing Time % Phy DF OF
1 Mikael Backlund Dwight King Branko Radivojevic 60 1 2 2
2 Tyler Brenner Kenndal McArdle Ryan Shannon 40 1 2 2
PowerPlay Defense
Defense Defense Time % Phy DF OF
1 Shawn Belle Davis Drewiske 60 1 2 2
2 Kyle Wharton Roman Polak 40 1 2 2
Penalty Kill 4 Players Forward
Center Wing Time % Phy DF OF
1 Branko Radivojevic Mikael Backlund 60 1 2 2
2 Tyler Brenner Dwight King 40 1 2 2
Penalty Kill 4 Players Defense
Defense Defense Time % Phy DF OF
1 Shawn Belle Davis Drewiske 60 1 2 2
2 Kyle Wharton Roman Polak 40 1 2 2
Penalty Kill - 3 Players Forward
Forward Time % Phy DF OF
1 Branko Radivojevic 60 1 2 2
2 Mikael Backlund 40 1 2 2
Penalty Kill - 3 Players Defense
Defense Defense Time % Phy DF OF
1 Shawn Belle Davis Drewiske 60 1 2 2
2 Kyle Wharton Roman Polak 40 1 2 2
4 vs 4 Forward
Center Wing Time % Phy DF OF
1 Branko Radivojevic Mikael Backlund 60 1 2 2
2 Tyler Brenner Dwight King 40 1 2 2
4 vs 4 Defense
Defense Defense Time % Phy DF OF
1 Shawn Belle Davis Drewiske 60 1 2 2
2 Kyle Wharton Roman Polak 40 1 2 2
Last Minutes Offensive
Center Left Wing Right Wing Defense Defense
Mikael Backlund Dwight King Branko Radivojevic Shawn Belle Davis Drewiske
Last Minutes Defensive
Center Left Wing Right Wing Defense Defense
Mikael Backlund Dwight King Branko Radivojevic Shawn Belle Davis Drewiske
Goaltenders
Starting : Sergei Bobrovsky
Backup : Jeremy Smith
Extra Forwards
Normal : Marc-André Cliche, Andrew Kozek, Brett Sutter - PP : Marc-André Cliche, Andrew Kozek - PK : Brett Sutter
Extra Defensemen
Normal : Colby Cohen, Dmitri Orlov, Kyle Wharton - PP : Colby Cohen - PK : Dmitri Orlov, Kyle Wharton
Penalty Shots
Branko Radivojevic, Mikael Backlund, Tyler Brenner, Dwight King, Ryan Shannon
Remparts
5 vs 5 Forward
Center Left Wing Right Wing Time % Phy DF OF
1 Jonathan Matsumoto Pasi Salonen Matt Halischuk 40 0 2 3
2 Cédric Lalonde-McNicoll Johannes Salmonsson Guillaume Desbiens 30 0 2 3
3 Mika Zibanejad Luca Caputi Petr Straka 20 0 3 2
4 Max Reinhart Geordie Wudrick Jonathan Cheechoo 10 1 2 2
5 vs 5 Defense
Defense Defense Time % Phy DF OF
1 Erik Gudbranson Radko Gudas 40 0 2 3
2 Brandon Gormley William Colbert 30 0 2 3
3 Ivan Vishnevski Erik Gustafsson 20 1 2 2
4 Erik Gudbranson Radko Gudas 10 0 2 3
PowerPlay Forward
Center Left Wing Right Wing Time % Phy DF OF
1 Jonathan Matsumoto Pasi Salonen Matt Halischuk 60 0 1 4
2 Cédric Lalonde-McNicoll Johannes Salmonsson Guillaume Desbiens 40 0 1 4
PowerPlay Defense
Defense Defense Time % Phy DF OF
1 Erik Gudbranson Radko Gudas 60 0 2 3
2 Brandon Gormley William Colbert 40 0 2 3
Penalty Kill 4 Players Forward
Center Wing Time % Phy DF OF
1 Cédric Lalonde-McNicoll Johannes Salmonsson 60 1 4 0
2 Max Reinhart Pasi Salonen 40 1 4 0
Penalty Kill 4 Players Defense
Defense Defense Time % Phy DF OF
1 Erik Gudbranson Radko Gudas 60 1 4 0
2 Brandon Gormley William Colbert 40 1 4 0
Penalty Kill - 3 Players Forward
Forward Time % Phy DF OF
1 Cédric Lalonde-McNicoll 60 1 4 0
2 Johannes Salmonsson 40 1 4 0
Penalty Kill - 3 Players Defense
Defense Defense Time % Phy DF OF
1 Erik Gudbranson Radko Gudas 60 1 4 0
2 Brandon Gormley William Colbert 40 1 4 0
4 vs 4 Forward
Center Wing Time % Phy DF OF
1 Jonathan Matsumoto Matt Halischuk 60 0 2 3
2 Cédric Lalonde-McNicoll Guillaume Desbiens 40 0 2 3
4 vs 4 Defense
Defense Defense Time % Phy DF OF
1 Erik Gudbranson Radko Gudas 60 0 2 3
2 Brandon Gormley William Colbert 40 0 2 3
Last Minutes Offensive
Center Left Wing Right Wing Defense Defense
Jonathan Matsumoto Pasi Salonen Matt Halischuk Erik Gudbranson Radko Gudas
Last Minutes Defensive
Center Left Wing Right Wing Defense Defense
Cédric Lalonde-McNicoll Johannes Salmonsson Guillaume Desbiens Erik Gudbranson William Colbert
Goaltenders
Starting : Petr Mrazek
Backup : Tyler Plante
Extra Forwards
Normal : Jonathan Matsumoto, Mika Zibanejad, Matt Halischuk - PP : Jonathan Matsumoto, Mika Zibanejad - PK : Jonathan Cheechoo
Extra Defensemen
Normal : William Colbert, Radko Gudas, Erik Gudbranson - PP : Brandon Gormley - PK : Brandon Gormley, Erik Gudbranson
Penalty Shots
Pasi Salonen, Jonathan Matsumoto, Jonathan Cheechoo, Mika Zibanejad, Cédric Lalonde-McNicoll
% Time on Ice - Atomiques
Lines # - Real PCT - Wanted PCT - Time Play
Normal Forward
1 - 35% - 40% - 15:25
2 - 31% - 30% - 13:22
3 - 19% - 20% - 8:10
4 - 15% - 10% - 6:36
Normal Defense
1 - 44% - 40% - 19:06
2 - 31% - 30% - 13:34
3 - 21% - 20% - 9:11
4 - 4% - 10% - 1:42
PP Forward
1 - 57% - 60% - 3:59
2 - 43% - 40% - 2:59
PP Defense
1 - 61% - 60% - 4:14
2 - 39% - 40% - 2:44
PK Forward
1 - 80% - 60% - 6:34
2 - 20% - 40% - 1:41
PK Defense
1 - 59% - 60% - 4:51
2 - 41% - 40% - 3:24
PK3 Forward
1 - 0% - 60%
2 - 0% - 40%
PK3 Defense
1 - 0% - 60%
2 - 0% - 40%
44 Forward
1 - 0% - 60%
2 - 0% - 40%
44 Defense
1 - 0% - 60%
2 - 0% - 40%
Last Minute Offensive - 1:14
Last Minute Defensive - 0:00
Total
Forward - 60:00
Defense - 60:00
|
% Time on Ice - Remparts
Lines # - Real PCT - Wanted PCT - Time Play
Normal Forward
1 - 33% - 40% - 14:24
2 - 28% - 30% - 12:01
3 - 23% - 20% - 9:52
4 - 17% - 10% - 7:15
Normal Defense
1 - 37% - 40% - 15:59
2 - 29% - 30% - 12:48
3 - 30% - 20% - 13:06
4 - 4% - 10% - 1:39
PP Forward
1 - 56% - 60% - 4:39
2 - 44% - 40% - 3:36
PP Defense
1 - 58% - 60% - 4:49
2 - 42% - 40% - 3:26
PK Forward
1 - 80% - 60% - 5:35
2 - 20% - 40% - 1:23
PK Defense
1 - 75% - 60% - 5:13
2 - 25% - 40% - 1:45
PK3 Forward
1 - 0% - 60%
2 - 0% - 40%
PK3 Defense
1 - 0% - 60%
2 - 0% - 40%
44 Forward
1 - 0% - 60%
2 - 0% - 40%
44 Defense
1 - 0% - 60%
2 - 0% - 40%
Last Minute Offensive - 0:00
Last Minute Defensive - 1:15
Total
Forward - 60:00
Defense - 60:00
|
Play by Play
1st period
0:01 of 1st period - Jonathan Matsumoto wins face-off versus Mikael Backlund in neutral zone.
1:51 of 1st period - Snap shot by Kenndal McArdle.
1:51 of 1st period - Shot Misses the Net.
2:09 of 1st period - Radko Gudas is hit by Marc-André Cliche and loses puck.
2:22 of 1st period - Snap shot by Marc-André Cliche.
2:22 of 1st period - Shot Misses the Net.
2:54 of 1st period - Snap shot by Luca Caputi.
2:54 of 1st period - Stopped by Sergei Bobrovsky without a rebound.
2:55 of 1st period - Pasi Salonen wins face-off versus Mikael Backlund in Atomiques zone.
3:00 of 1st period - Wrist shot by Jonathan Matsumoto.
3:00 of 1st period - Stopped by Sergei Bobrovsky with a rebound.
3:08 of 1st period - Slapshot by Dwight King.
3:08 of 1st period - Shot Blocked by Brandon Gormley.
3:10 of 1st period - Snap shot by Branko Radivojevic.
3:10 of 1st period - Shot Misses the Net.
3:41 of 1st period - Snap shot by Alex Berry.
3:41 of 1st period - Shot Misses the Net.
3:45 of 1st period - Wrist shot by Alex Berry.
3:45 of 1st period - Goal by Alex Berry - Atomiques : 1 - Remparts : 0.
3:46 of 1st period - Jonathan Matsumoto wins face-off versus Mikael Backlund in neutral zone.
4:32 of 1st period - Icing by Shawn Belle.
4:33 of 1st period - Cédric Lalonde-McNicoll wins face-off versus Tyler Brenner in Atomiques zone.
5:17 of 1st period - Minor Penalty to Colby Cohen for Holding.
5:18 of 1st period - Branko Radivojevic wins face-off versus Jonathan Matsumoto in Atomiques zone.
5:29 of 1st period - Wrist shot by Pasi Salonen.
5:29 of 1st period - Shot Misses the Net.
5:31 of 1st period - Slapshot by Erik Gudbranson.
5:31 of 1st period - Shot Blocked by Mikael Backlund.
5:33 of 1st period - Snap shot by Jonathan Matsumoto.
5:33 of 1st period - Goal by Jonathan Matsumoto - Atomiques : 1 - Remparts : 1.
5:34 of 1st period - Jonathan Matsumoto wins face-off versus Mikael Backlund in neutral zone.
5:47 of 1st period - Snap shot by Mikael Backlund.
5:47 of 1st period - Shot Blocked by Jonathan Matsumoto.
5:49 of 1st period - Slapshot by Davis Drewiske.
5:49 of 1st period - Stopped by Petr Mrazek with a rebound.
6:22 of 1st period - Ivan Vishnevski is hit by Andrew Kozek and loses puck.
6:31 of 1st period - Slapshot by Brandon Gormley.
6:31 of 1st period - Shot Blocked by Roman Polak.
6:47 of 1st period - Roman Polak is hit by William Colbert and loses puck.
7:08 of 1st period - Wrist shot by Matt Halischuk.
7:08 of 1st period - Stopped by Sergei Bobrovsky without a rebound.
7:09 of 1st period - Brett Sutter wins face-off versus Jonathan Matsumoto in Atomiques zone.
7:14 of 1st period - Slapshot by Davis Drewiske.
7:14 of 1st period - Stopped by Petr Mrazek with a rebound.
7:22 of 1st period - Shawn Belle is hit by Jonathan Matsumoto and loses puck.
7:42 of 1st period - Wrist shot by Johannes Salmonsson.
7:42 of 1st period - Shot Misses the Net.
7:44 of 1st period - Wrist shot by Guillaume Desbiens.
7:44 of 1st period - Deflect By Cédric Lalonde-McNicoll.
7:44 of 1st period - Stopped by Sergei Bobrovsky without a rebound.
7:45 of 1st period - Jonathan Matsumoto wins face-off versus Kenndal McArdle in Atomiques zone.
7:54 of 1st period - Wrist shot by Matt Halischuk.
7:54 of 1st period - Stopped by Sergei Bobrovsky with a rebound.
7:56 of 1st period - Wrist shot by Jonathan Matsumoto.
7:56 of 1st period - Shot Hit the Post.
8:00 of 1st period - Snap shot by Matt Halischuk.
8:00 of 1st period - Shot Blocked by Tyler Brenner.
8:19 of 1st period - Slapshot by Johannes Salmonsson.
8:19 of 1st period - Shot Misses the Net.
8:27 of 1st period - Cédric Lalonde-McNicoll is hit by Dwight King.
9:36 of 1st period - Backhand shot by Brett Sutter.
9:36 of 1st period - Stopped by Petr Mrazek with a rebound.
9:38 of 1st period - Slapshot by Shawn Belle.
9:38 of 1st period - Deflect By Brett Sutter.
9:38 of 1st period - Shot Misses the Net.
9:38 of 1st period - Puck is out of play.
9:39 of 1st period - Jonathan Matsumoto wins face-off versus Mikael Backlund in Remparts zone.
9:46 of 1st period - Wrist shot by Matt Halischuk.
9:46 of 1st period - Shot Blocked by Kyle Wharton.
9:50 of 1st period - Wrist shot by Pasi Salonen.
9:50 of 1st period - Shot Misses the Net.
10:29 of 1st period - Brandon Gormley is hit by Andrew Kozek and loses puck.
11:41 of 1st period - Pasi Salonen is hit by Davis Drewiske and loses puck.
11:59 of 1st period - Icing by John McCarthy.
12:00 of 1st period - Max Reinhart wins face-off versus Brett Sutter in Atomiques zone.
12:01 of 1st period - Backhand shot by Jonathan Cheechoo.
12:01 of 1st period - Shot Blocked by Brett Sutter.
12:24 of 1st period - Shawn Belle is hit by Jonathan Cheechoo and loses puck.
12:45 of 1st period - Snap shot by John McCarthy.
12:45 of 1st period - Stopped by Petr Mrazek with a rebound.
12:47 of 1st period - Snap shot by John McCarthy.
12:47 of 1st period - Stopped by Petr Mrazek with a rebound.
12:49 of 1st period - Backhand shot by John McCarthy.
12:49 of 1st period - Shot Blocked by William Colbert.
12:51 of 1st period - Backhand shot by Davis Drewiske.
12:51 of 1st period - Deflect By William Colbert.
12:51 of 1st period - Stopped by Petr Mrazek without a rebound.
12:52 of 1st period - Jonathan Matsumoto wins face-off versus Mikael Backlund in Remparts zone.
12:57 of 1st period - Wrist shot by Matt Halischuk.
12:57 of 1st period - Shot Misses the Net.
12:59 of 1st period - Wrist shot by Pasi Salonen.
12:59 of 1st period - Shot Blocked by Dwight King.
13:03 of 1st period - Snap shot by Pasi Salonen.
13:03 of 1st period - Shot Misses the Net.
13:05 of 1st period - Slapshot by Erik Gudbranson.
13:05 of 1st period - Shot Blocked by Branko Radivojevic.
13:07 of 1st period - Slapshot by Radko Gudas.
13:07 of 1st period - Deflect By Pasi Salonen.
13:07 of 1st period - Shot Misses the Net.
13:07 of 1st period - Puck is out of play.
13:08 of 1st period - Cédric Lalonde-McNicoll wins face-off versus Kenndal McArdle in Atomiques zone.
13:09 of 1st period - Slapshot by Guillaume Desbiens.
13:09 of 1st period - Stopped by Sergei Bobrovsky with a rebound.
13:17 of 1st period - Slapshot by Guillaume Desbiens.
13:17 of 1st period - Shot Blocked by Roman Polak.
13:21 of 1st period - Snap shot by Guillaume Desbiens.
13:21 of 1st period - Shot Blocked by Kyle Wharton.
13:33 of 1st period - Kyle Wharton is hit by Pasi Salonen and loses puck.
13:44 of 1st period - Slapshot by Dwight King.
13:44 of 1st period - Deflect By Branko Radivojevic.
13:44 of 1st period - Stopped by Petr Mrazek with a rebound.
14:01 of 1st period - Slapshot by Radko Gudas.
14:01 of 1st period - Shot Misses the Net.
14:03 of 1st period - Slapshot by Erik Gudbranson.
14:03 of 1st period - Shot Misses the Net.
14:05 of 1st period - Backhand shot by Erik Gudbranson.
14:05 of 1st period - Shot Blocked by Alex Berry.
14:19 of 1st period - Snap shot by Ryan Shannon.
14:19 of 1st period - Shot Misses the Net.
14:37 of 1st period - Slapshot by Cédric Lalonde-McNicoll.
14:37 of 1st period - Shot Misses the Net.
14:55 of 1st period - Slapshot by Johannes Salmonsson.
14:55 of 1st period - Stopped by Sergei Bobrovsky without a rebound.
14:56 of 1st period - Brett Sutter wins face-off versus Jonathan Matsumoto in Atomiques zone.
14:56 of 1st period - Brett Sutter is hit by Jonathan Matsumoto.
15:02 of 1st period - Jonathan Matsumoto is hit by Brett Sutter and loses puck.
15:25 of 1st period - Dwight King is hit by Luca Caputi and loses puck.
16:19 of 1st period - Wrist shot by Cédric Lalonde-McNicoll.
16:19 of 1st period - Shot Misses the Net.
16:21 of 1st period - Snap shot by Cédric Lalonde-McNicoll.
16:21 of 1st period - Deflect By Johannes Salmonsson.
16:21 of 1st period - Shot Blocked by Colby Cohen.
16:21 of 1st period - Puck is out of play.
16:22 of 1st period - Mikael Backlund wins face-off versus Jonathan Matsumoto in Atomiques zone.
16:27 of 1st period - Wrist shot by Branko Radivojevic.
16:27 of 1st period - Shot Blocked by Jonathan Matsumoto.
16:29 of 1st period - Snap shot by Dwight King.
16:29 of 1st period - Stopped by Petr Mrazek with a rebound.
16:31 of 1st period - Slapshot by Mikael Backlund.
16:31 of 1st period - Shot Misses the Net.
16:33 of 1st period - Wrist shot by Mikael Backlund.
16:33 of 1st period - Deflect By Branko Radivojevic.
16:33 of 1st period - Shot Misses the Net.
16:33 of 1st period - Puck is out of play.
16:34 of 1st period - Mikael Backlund wins face-off versus Jonathan Matsumoto in Remparts zone.
16:59 of 1st period - Shawn Belle is hit by Radko Gudas and loses puck.
17:03 of 1st period - Icing by Shawn Belle.
17:04 of 1st period - Tyler Brenner wins face-off versus Mika Zibanejad in Atomiques zone.
17:13 of 1st period - Slapshot by Ryan Shannon.
17:13 of 1st period - Shot Blocked by Petr Straka.
17:15 of 1st period - Slapshot by Roman Polak.
17:15 of 1st period - Shot Blocked by Erik Gustafsson.
17:17 of 1st period - Snap shot by Tyler Brenner.
17:17 of 1st period - Shot Blocked by Ivan Vishnevski.
17:19 of 1st period - Backhand shot by Kyle Wharton.
17:19 of 1st period - Shot Misses the Net.
17:21 of 1st period - Slapshot by Roman Polak.
17:21 of 1st period - Shot Misses the Net.
17:23 of 1st period - Slapshot by Tyler Brenner.
17:23 of 1st period - Shot Misses the Net.
17:25 of 1st period - Backhand shot by Kyle Wharton.
17:25 of 1st period - Shot Misses the Net.
17:27 of 1st period - Snap shot by Ryan Shannon.
17:27 of 1st period - Stopped by Petr Mrazek with a rebound.
17:29 of 1st period - Slapshot by Davis Drewiske.
17:29 of 1st period - Shot Misses the Net.
17:31 of 1st period - Wrist shot by Tyler Brenner.
17:31 of 1st period - Goal by Tyler Brenner - Atomiques : 2 - Remparts : 1.
17:32 of 1st period - Mikael Backlund wins face-off versus Jonathan Matsumoto in neutral zone.
17:35 of 1st period - Snap shot by Dwight King.
17:35 of 1st period - Shot Misses the Net.
17:47 of 1st period - Matt Halischuk is hit by Dwight King and loses puck.
18:20 of 1st period - Snap shot by Luca Caputi.
18:20 of 1st period - Stopped by Sergei Bobrovsky without a rebound.
18:21 of 1st period - Mika Zibanejad wins face-off versus Marc-André Cliche in Atomiques zone.
18:35 of 1st period - Wrist shot by Petr Straka.
18:35 of 1st period - Stopped by Sergei Bobrovsky with a rebound.
18:45 of 1st period - Snap shot by Luca Caputi.
18:45 of 1st period - Shot Misses the Net.
18:47 of 1st period - Slapshot by Brandon Gormley.
18:47 of 1st period - Stopped by Sergei Bobrovsky without a rebound.
18:48 of 1st period - Jonathan Matsumoto wins face-off versus Mikael Backlund in Atomiques zone.
18:57 of 1st period - Kyle Wharton is hit by Radko Gudas and loses puck.
19:34 of 1st period - Major / Game Misconduct Penalty to Erik Gustafsson for Spearing.
19:34 of 1st period - Erik Gustafsson is ejected from game.
19:35 of 1st period - Mikael Backlund wins face-off versus Cédric Lalonde-McNicoll in Remparts zone.
19:46 of 1st period - Wrist shot by Branko Radivojevic.
19:46 of 1st period - Shot Blocked by Johannes Salmonsson.
19:48 of 1st period - Snap shot by Dwight King.
19:48 of 1st period - Goal by Dwight King - Atomiques : 3 - Remparts : 1.
19:49 of 1st period - Cédric Lalonde-McNicoll wins face-off versus Mikael Backlund in neutral zone.
19:57 of 1st period - Icing by Shawn Belle.
19:58 of 1st period - Mikael Backlund wins face-off versus Cédric Lalonde-McNicoll in Atomiques zone.
Goals for this period are 3 for Atomiques vs 1 for Remparts.
Shots for this period are 12 for Atomiques vs 11 for Remparts.
2nd period
0:01 of 2nd period - Mikael Backlund wins face-off versus Cédric Lalonde-McNicoll in neutral zone.
1:17 of 2nd period - Pasi Salonen is hit by Mikael Backlund and loses puck.
2:15 of 2nd period - Roman Polak is hit by Mika Zibanejad.
2:21 of 2nd period - Snap shot by Marc-André Cliche.
2:21 of 2nd period - Shot Misses the Net.
2:23 of 2nd period - Wrist shot by Alex Berry.
2:23 of 2nd period - Stopped by Petr Mrazek without a rebound.
2:24 of 2nd period - Tyler Brenner wins face-off versus Cédric Lalonde-McNicoll in Remparts zone.
3:34 of 2nd period - Jonathan Cheechoo is hit by Kenndal McArdle.
3:38 of 2nd period - Ryan Shannon is hit by Radko Gudas and loses puck.
4:34 of 2nd period - Penalty to Erik Gustafsson is over, Guillaume Desbiens is send on ice.
4:55 of 2nd period - Wrist shot by Matt Halischuk.
4:55 of 2nd period - Shot Misses the Net.
5:11 of 2nd period - Alex Berry is hit by Cédric Lalonde-McNicoll and loses puck.
5:39 of 2nd period - Icing by Luca Caputi.
5:40 of 2nd period - Mika Zibanejad wins face-off versus Tyler Brenner in Remparts zone.
5:40 of 2nd period - Mika Zibanejad is hit by Ryan Shannon.
5:46 of 2nd period - Dmitri Orlov is hit by Geordie Wudrick.
6:31 of 2nd period - Colby Cohen is hit by Brandon Gormley and loses puck.
6:52 of 2nd period - Snap shot by Andrew Kozek.
6:52 of 2nd period - Stopped by Petr Mrazek with a rebound.
7:31 of 2nd period - Kyle Wharton is hit by William Colbert and loses puck.
7:44 of 2nd period - Roman Polak is hit by Jonathan Matsumoto and loses puck.
9:28 of 2nd period - Alex Berry is hit by Guillaume Desbiens and loses puck.
9:33 of 2nd period - Wrist shot by Guillaume Desbiens.
9:33 of 2nd period - Shot Misses the Net.
9:35 of 2nd period - Slapshot by Brandon Gormley.
9:35 of 2nd period - Shot Blocked by Andrew Kozek.
9:37 of 2nd period - Slapshot by Mika Zibanejad.
9:37 of 2nd period - Stopped by Sergei Bobrovsky without a rebound.
9:38 of 2nd period - Jonathan Matsumoto wins face-off versus Mikael Backlund in Atomiques zone.
9:51 of 2nd period - Wrist shot by Mikael Backlund.
9:51 of 2nd period - Stopped by Petr Mrazek without a rebound.
9:52 of 2nd period - Jonathan Matsumoto wins face-off versus Branko Radivojevic in Remparts zone.
9:52 of 2nd period - Jonathan Matsumoto is hit by Mikael Backlund.
10:04 of 2nd period - Slapshot by Pasi Salonen.
10:04 of 2nd period - Stopped by Sergei Bobrovsky with a rebound.
10:06 of 2nd period - Wrist shot by Pasi Salonen.
10:06 of 2nd period - Deflect By Matt Halischuk.
10:06 of 2nd period - Shot Blocked by Shawn Belle.
10:06 of 2nd period - Puck is out of play.
10:07 of 2nd period - Cédric Lalonde-McNicoll wins face-off versus Tyler Brenner in Atomiques zone.
10:32 of 2nd period - Radko Gudas is hit by Shawn Belle and loses puck.
10:45 of 2nd period - Wrist shot by Erik Gudbranson.
10:45 of 2nd period - Shot Blocked by Roman Polak.
10:51 of 2nd period - Erik Gudbranson is hit by Alex Berry and loses puck.
11:24 of 2nd period - Slapshot by Kyle Wharton.
11:24 of 2nd period - Stopped by Petr Mrazek without a rebound.
11:25 of 2nd period - Jonathan Matsumoto wins face-off versus Kenndal McArdle in Remparts zone.
11:38 of 2nd period - Shawn Belle is hit by Matt Halischuk and loses puck.
11:53 of 2nd period - Mika Zibanejad is hit by Mikael Backlund.
12:07 of 2nd period - Minor Penalty to Davis Drewiske for Hooking.
12:08 of 2nd period - Jonathan Matsumoto wins face-off versus Branko Radivojevic in Atomiques zone.
12:09 of 2nd period - Wrist shot by Matt Halischuk.
12:09 of 2nd period - Stopped by Sergei Bobrovsky with a rebound.
12:11 of 2nd period - Slapshot by Radko Gudas.
12:11 of 2nd period - Shot Blocked by Kyle Wharton.
12:13 of 2nd period - Snap shot by Pasi Salonen.
12:13 of 2nd period - Stopped by Sergei Bobrovsky without a rebound.
12:14 of 2nd period - Jonathan Matsumoto wins face-off versus Branko Radivojevic in Atomiques zone.
12:21 of 2nd period - Wrist shot by Pasi Salonen.
12:21 of 2nd period - Stopped by Sergei Bobrovsky with a rebound.
12:23 of 2nd period - Slapshot by Radko Gudas.
12:23 of 2nd period - Shot Blocked by Roman Polak.
12:25 of 2nd period - Wrist shot by Matt Halischuk.
12:25 of 2nd period - Shot Blocked by Branko Radivojevic.
12:27 of 2nd period - Snap shot by Radko Gudas.
12:27 of 2nd period - Stopped by Sergei Bobrovsky with a rebound.
13:07 of 2nd period - Branko Radivojevic is hit by Brandon Gormley and loses puck.
13:50 of 2nd period - Jonathan Matsumoto is hit by Brett Sutter and loses puck.
14:07 of 2nd period - Penalty to Davis Drewiske is over, Davis Drewiske is back on ice.
14:33 of 2nd period - Snap shot by William Colbert.
14:33 of 2nd period - Stopped by Sergei Bobrovsky with a rebound.
14:58 of 2nd period - Colby Cohen is hit by Erik Gudbranson and loses puck.
15:11 of 2nd period - Wrist shot by Geordie Wudrick.
15:11 of 2nd period - Deflect By Jonathan Cheechoo.
15:11 of 2nd period - Shot Blocked by Davis Drewiske.
15:11 of 2nd period - Puck is out of play.
15:12 of 2nd period - Max Reinhart wins face-off versus Mikael Backlund in Atomiques zone.
15:28 of 2nd period - Jonathan Cheechoo is hit by Branko Radivojevic and loses puck.
15:47 of 2nd period - Snap shot by Andrew Kozek.
15:47 of 2nd period - Shot Misses the Net.
15:55 of 2nd period - Minor Penalty to Colby Cohen for Tripping.
15:56 of 2nd period - Branko Radivojevic wins face-off versus Jonathan Matsumoto in Atomiques zone.
16:38 of 2nd period - Icing by Erik Gudbranson.
16:39 of 2nd period - Cédric Lalonde-McNicoll wins face-off versus Branko Radivojevic in Remparts zone.
16:54 of 2nd period - Backhand shot by Guillaume Desbiens.
16:54 of 2nd period - Shot Misses the Net.
17:04 of 2nd period - William Colbert is hit by Tyler Brenner and loses puck.
17:13 of 2nd period - Slapshot by Brandon Gormley.
17:13 of 2nd period - Shot Misses the Net.
17:23 of 2nd period - Davis Drewiske is hit by Johannes Salmonsson.
17:55 of 2nd period - Penalty to Colby Cohen is over, Colby Cohen is back on ice.
18:14 of 2nd period - Minor Penalty to Erik Gudbranson for Hooking.
18:15 of 2nd period - Cédric Lalonde-McNicoll wins face-off versus Tyler Brenner in Remparts zone.
18:37 of 2nd period - Cédric Lalonde-McNicoll is hit by Davis Drewiske and loses puck.
Goals for this period are 0 for Atomiques vs 0 for Remparts.
Shots for this period are 4 for Atomiques vs 7 for Remparts.
3rd period
0:01 of 3rd period - Cédric Lalonde-McNicoll wins face-off versus Mikael Backlund in neutral zone.
0:08 of 3rd period - Icing by Mikael Backlund.
0:09 of 3rd period - Cédric Lalonde-McNicoll wins face-off versus Mikael Backlund in Atomiques zone.
0:10 of 3rd period - Snap shot by Johannes Salmonsson.
0:10 of 3rd period - Stopped by Sergei Bobrovsky with a rebound.
0:14 of 3rd period - Penalty to Erik Gudbranson is over, Erik Gudbranson is back on ice.
0:29 of 3rd period - Wrist shot by Mikael Backlund.
0:29 of 3rd period - Shot Misses the Net.
0:31 of 3rd period - Snap shot by Mikael Backlund.
0:31 of 3rd period - Stopped by Petr Mrazek with a rebound.
0:33 of 3rd period - Snap shot by Mikael Backlund.
0:33 of 3rd period - Stopped by Petr Mrazek with a rebound.
0:35 of 3rd period - Slapshot by Shawn Belle.
0:35 of 3rd period - Shot Misses the Net.
0:40 of 3rd period - Icing by Radko Gudas.
0:41 of 3rd period - Cédric Lalonde-McNicoll wins face-off versus Tyler Brenner in Remparts zone.
0:50 of 3rd period - Wrist shot by Erik Gudbranson.
0:50 of 3rd period - Goal by Erik Gudbranson - Atomiques : 3 - Remparts : 2.
0:51 of 3rd period - Jonathan Matsumoto wins face-off versus Mikael Backlund in neutral zone.
1:09 of 3rd period - Minor Penalty to Mikael Backlund for Holding.
1:10 of 3rd period - Jonathan Matsumoto wins face-off versus Branko Radivojevic in Atomiques zone.
1:13 of 3rd period - Slapshot by Radko Gudas.
1:13 of 3rd period - Shot Blocked by Davis Drewiske.
1:15 of 3rd period - Slapshot by Radko Gudas.
1:15 of 3rd period - Shot Misses the Net.
1:21 of 3rd period - Snap shot by Pasi Salonen.
1:21 of 3rd period - Deflect By Matt Halischuk.
1:21 of 3rd period - Stopped by Sergei Bobrovsky without a rebound.
1:22 of 3rd period - Jonathan Matsumoto wins face-off versus Branko Radivojevic in Atomiques zone.
1:25 of 3rd period - Snap shot by Jonathan Matsumoto.
1:25 of 3rd period - Shot Misses the Net.
3:09 of 3rd period - Penalty to Mikael Backlund is over, Mikael Backlund is back on ice.
3:26 of 3rd period - Mikael Backlund is hit by Luca Caputi and loses puck.
3:49 of 3rd period - Slapshot by Geordie Wudrick.
3:49 of 3rd period - Stopped by Sergei Bobrovsky without a rebound.
3:50 of 3rd period - Max Reinhart wins face-off versus Tyler Brenner in Atomiques zone.
3:57 of 3rd period - Snap shot by Jonathan Cheechoo.
3:57 of 3rd period - Deflect By Geordie Wudrick.
3:57 of 3rd period - Shot Blocked by Kenndal McArdle.
3:57 of 3rd period - Puck is out of play.
3:58 of 3rd period - Max Reinhart wins face-off versus Tyler Brenner in Atomiques zone.
4:44 of 3rd period - Snap shot by Brett Sutter.
4:44 of 3rd period - Shot Blocked by Matt Halischuk.
4:46 of 3rd period - Snap shot by John McCarthy.
4:46 of 3rd period - Stopped by Petr Mrazek with a rebound.
4:48 of 3rd period - Slapshot by Brett Sutter.
4:48 of 3rd period - Shot Blocked by Pasi Salonen.
4:50 of 3rd period - Slapshot by Kyle Wharton.
4:50 of 3rd period - Stopped by Petr Mrazek with a rebound.
4:52 of 3rd period - Slapshot by Roman Polak.
4:52 of 3rd period - Deflect By John McCarthy.
4:52 of 3rd period - Stopped by Petr Mrazek with a rebound.
4:54 of 3rd period - Wrist shot by Brett Sutter.
4:54 of 3rd period - Stopped by Petr Mrazek with a rebound.
5:01 of 3rd period - Icing by Pasi Salonen.
5:02 of 3rd period - Cédric Lalonde-McNicoll wins face-off versus Tyler Brenner in Remparts zone.
5:02 of 3rd period - Cédric Lalonde-McNicoll is hit by Ryan Shannon.
5:14 of 3rd period - Snap shot by Johannes Salmonsson.
5:14 of 3rd period - Shot Misses the Net.
5:16 of 3rd period - Wrist shot by Guillaume Desbiens.
5:16 of 3rd period - Stopped by Sergei Bobrovsky without a rebound.
5:17 of 3rd period - Luca Caputi wins face-off versus Mikael Backlund in Atomiques zone.
5:20 of 3rd period - Slapshot by Erik Gudbranson.
5:20 of 3rd period - Shot Blocked by Mikael Backlund.
5:22 of 3rd period - Slapshot by Radko Gudas.
5:22 of 3rd period - Deflect By Luca Caputi.
5:22 of 3rd period - Shot Misses the Net.
5:22 of 3rd period - Puck is out of play.
5:23 of 3rd period - Mikael Backlund wins face-off versus Mika Zibanejad in Atomiques zone.
5:37 of 3rd period - Davis Drewiske is hit by Erik Gudbranson and loses puck.
5:50 of 3rd period - Wrist shot by Guillaume Desbiens.
5:50 of 3rd period - Shot Misses the Net.
6:50 of 3rd period - Snap shot by Kenndal McArdle.
6:50 of 3rd period - Stopped by Petr Mrazek with a rebound.
7:01 of 3rd period - Minor Penalty to Roman Polak for Kneeing.
7:02 of 3rd period - Jonathan Matsumoto wins face-off versus Brett Sutter in Atomiques zone.
7:04 of 3rd period - Slapshot by Jonathan Matsumoto.
7:04 of 3rd period - Goal by Jonathan Matsumoto - Atomiques : 3 - Remparts : 3.
7:05 of 3rd period - Jonathan Matsumoto wins face-off versus Tyler Brenner in neutral zone.
7:08 of 3rd period - Slapshot by Pasi Salonen.
7:08 of 3rd period - Shot Blocked by Roman Polak.
7:10 of 3rd period - Wrist shot by Erik Gudbranson.
7:10 of 3rd period - Stopped by Sergei Bobrovsky without a rebound.
7:11 of 3rd period - Tyler Brenner wins face-off versus Jonathan Matsumoto in Atomiques zone.
7:22 of 3rd period - Slapshot by Matt Halischuk.
7:22 of 3rd period - Stopped by Sergei Bobrovsky without a rebound.
7:23 of 3rd period - Jonathan Matsumoto wins face-off versus Mikael Backlund in Atomiques zone.
7:24 of 3rd period - Snap shot by Matt Halischuk.
7:24 of 3rd period - Shot Misses the Net.
7:52 of 3rd period - Slapshot by Davis Drewiske.
7:52 of 3rd period - Shot Blocked by Guillaume Desbiens.
7:54 of 3rd period - Snap shot by Kenndal McArdle.
7:54 of 3rd period - Shot Blocked by Johannes Salmonsson.
7:56 of 3rd period - Wrist shot by Ryan Shannon.
7:56 of 3rd period - Shot Blocked by Erik Gudbranson.
7:58 of 3rd period - Snap shot by Kenndal McArdle.
7:58 of 3rd period - Shot Blocked by Erik Gudbranson.
8:00 of 3rd period - Wrist shot by Tyler Brenner.
8:00 of 3rd period - Shot Misses the Net.
8:02 of 3rd period - Snap shot by Davis Drewiske.
8:02 of 3rd period - Stopped by Petr Mrazek without a rebound.
8:03 of 3rd period - Jonathan Matsumoto wins face-off versus Marc-André Cliche in Remparts zone.
8:10 of 3rd period - Slapshot by Kyle Wharton.
8:10 of 3rd period - Shot Misses the Net.
8:12 of 3rd period - Snap shot by Alex Berry.
8:12 of 3rd period - Shot Blocked by Brandon Gormley.
8:14 of 3rd period - Snap shot by Andrew Kozek.
8:14 of 3rd period - Deflect By Alex Berry.
8:14 of 3rd period - Shot Blocked by Matt Halischuk.
8:14 of 3rd period - Puck is out of play.
8:15 of 3rd period - Jonathan Matsumoto wins face-off versus Dwight King in Remparts zone.
8:22 of 3rd period - Snap shot by Pasi Salonen.
8:22 of 3rd period - Deflect By Mikael Backlund.
8:22 of 3rd period - Stopped by Sergei Bobrovsky without a rebound.
8:23 of 3rd period - Branko Radivojevic wins face-off versus Jonathan Matsumoto in Atomiques zone.
9:00 of 3rd period - Ryan Shannon is hit by Cédric Lalonde-McNicoll.
9:16 of 3rd period - Brandon Gormley is hit by Davis Drewiske.
9:23 of 3rd period - Icing by Petr Straka.
9:24 of 3rd period - Mika Zibanejad wins face-off versus Mikael Backlund in Remparts zone.
9:47 of 3rd period - Slapshot by Mika Zibanejad.
9:47 of 3rd period - Shot Misses the Net.
9:49 of 3rd period - Slapshot by William Colbert.
9:49 of 3rd period - Stopped by Sergei Bobrovsky with a rebound.
9:51 of 3rd period - Snap shot by Petr Straka.
9:51 of 3rd period - Shot Misses the Net.
9:53 of 3rd period - Snap shot by Luca Caputi.
9:53 of 3rd period - Shot Misses the Net.
9:55 of 3rd period - Snap shot by Mika Zibanejad.
9:55 of 3rd period - Goal by Mika Zibanejad - Atomiques : 3 - Remparts : 4.
9:56 of 3rd period - Tyler Brenner wins face-off versus Jonathan Matsumoto in neutral zone.
10:03 of 3rd period - Snap shot by Kenndal McArdle.
10:03 of 3rd period - Stopped by Petr Mrazek with a rebound.
10:05 of 3rd period - Snap shot by Tyler Brenner.
10:05 of 3rd period - Stopped by Petr Mrazek without a rebound.
10:06 of 3rd period - Jonathan Matsumoto wins face-off versus Tyler Brenner in Remparts zone.
10:15 of 3rd period - Matt Halischuk is hit by Ryan Shannon and loses puck.
10:20 of 3rd period - Snap shot by Ryan Shannon.
10:20 of 3rd period - Stopped by Petr Mrazek with a rebound.
10:44 of 3rd period - Slapshot by Shawn Belle.
10:44 of 3rd period - Shot Blocked by Erik Gudbranson.
10:46 of 3rd period - Wrist shot by Ryan Shannon.
10:46 of 3rd period - Stopped by Petr Mrazek with a rebound.
10:48 of 3rd period - Wrist shot by Kenndal McArdle.
10:48 of 3rd period - Shot Blocked by Jonathan Matsumoto.
10:50 of 3rd period - Snap shot by Ryan Shannon.
10:50 of 3rd period - Deflect By Tyler Brenner.
10:50 of 3rd period - Shot Misses the Net.
10:50 of 3rd period - Puck is out of play.
10:51 of 3rd period - Cédric Lalonde-McNicoll wins face-off versus Mikael Backlund in Remparts zone.
11:02 of 3rd period - Wrist shot by Johannes Salmonsson.
11:02 of 3rd period - Shot Misses the Net.
11:16 of 3rd period - Marc-André Cliche is hit by William Colbert and loses puck.
11:24 of 3rd period - Snap shot by Radko Gudas.
11:24 of 3rd period - Stopped by Sergei Bobrovsky with a rebound.
11:44 of 3rd period - Wrist shot by Brett Sutter.
11:44 of 3rd period - Shot Hit the Post.
11:46 of 3rd period - Wrist shot by Brett Sutter.
11:46 of 3rd period - Shot Blocked by Ivan Vishnevski.
11:48 of 3rd period - Snap shot by Brett Sutter.
11:48 of 3rd period - Stopped by Petr Mrazek without a rebound.
11:49 of 3rd period - Jonathan Matsumoto wins face-off versus Mikael Backlund in Remparts zone.
11:52 of 3rd period - Slapshot by Branko Radivojevic.
11:52 of 3rd period - Stopped by Petr Mrazek without a rebound.
11:53 of 3rd period - Mikael Backlund wins face-off versus Jonathan Matsumoto in Remparts zone.
12:00 of 3rd period - Snap shot by Dwight King.
12:00 of 3rd period - Stopped by Petr Mrazek without a rebound.
12:01 of 3rd period - Jonathan Matsumoto wins face-off versus Mikael Backlund in Remparts zone.
12:06 of 3rd period - Davis Drewiske is hit by Pasi Salonen and loses puck.
12:28 of 3rd period - Icing by Pasi Salonen.
12:29 of 3rd period - Cédric Lalonde-McNicoll wins face-off versus Tyler Brenner in Remparts zone.
12:40 of 3rd period - Snap shot by Guillaume Desbiens.
12:40 of 3rd period - Stopped by Sergei Bobrovsky with a rebound.
12:42 of 3rd period - Slapshot by Erik Gudbranson.
12:42 of 3rd period - Stopped by Sergei Bobrovsky with a rebound.
13:04 of 3rd period - Wrist shot by Matt Halischuk.
13:04 of 3rd period - Shot Misses the Net.
13:24 of 3rd period - Snap shot by Petr Straka.
13:24 of 3rd period - Shot Blocked by Dmitri Orlov.
14:00 of 3rd period - Tyler Brenner is hit by Radko Gudas and loses puck.
14:05 of 3rd period - Wrist shot by Matt Halischuk.
14:05 of 3rd period - Shot Blocked by Shawn Belle.
14:07 of 3rd period - Slapshot by Erik Gudbranson.
14:07 of 3rd period - Shot Misses the Net.
14:19 of 3rd period - Davis Drewiske is hit by Erik Gudbranson and loses puck.
15:34 of 3rd period - Minor Penalty to Ryan Shannon for Roughing.
15:35 of 3rd period - Branko Radivojevic wins face-off versus Jonathan Matsumoto in Atomiques zone.
15:50 of 3rd period - Snap shot by Jonathan Matsumoto.
15:50 of 3rd period - Stopped by Sergei Bobrovsky with a rebound.
17:34 of 3rd period - Penalty to Ryan Shannon is over, Ryan Shannon is back on ice.
17:45 of 3rd period - Mika Zibanejad is hit by Dmitri Orlov and loses puck.
18:24 of 3rd period - Tyler Brenner is hit by Radko Gudas and loses puck.
18:31 of 3rd period - Radko Gudas is hit by Andrew Kozek and loses puck.
19:17 of 3rd period - Snap shot by Cédric Lalonde-McNicoll.
19:17 of 3rd period - Stopped by Sergei Bobrovsky with a rebound.
19:19 of 3rd period - Snap shot by Guillaume Desbiens.
19:19 of 3rd period - Stopped by Sergei Bobrovsky without a rebound.
19:20 of 3rd period - Cory Clouston call a timeout for Atomiques.
19:20 of 3rd period - Mikael Backlund wins face-off versus Cédric Lalonde-McNicoll in Atomiques zone.
19:41 of 3rd period - Atomiques, Sergei Bobrovsky is pulled from the net.
19:43 of 3rd period - Wrist shot by Dwight King.
19:43 of 3rd period - Stopped by Petr Mrazek without a rebound.
19:44 of 3rd period - Cédric Lalonde-McNicoll wins face-off versus Mikael Backlund in Remparts zone.
19:55 of 3rd period - Dwight King is hit by Johannes Salmonsson and loses puck.
Goals for this period are 0 for Atomiques vs 3 for Remparts.
Shots for this period are 16 for Atomiques vs 17 for Remparts.
Back to the Top